 Dungeon Crawl Stone Soup version 0.32-a0-886-g41c5271027 (webtiles) character file.

Game seed: 3547190122662217671

125 Fodor the Covered (level 4, 0/41 HPs)
             Began as a Minotaur Fighter on Apr 2, 2024.
             Slain by a quokka (1 damage)
             ... on level 4 of the Dungeon.
             The game lasted 00:09:14 (2010 turns).

Fodor the Covered (Minotaur Fighter)                Turns: 2010, Time: 00:09:15

Health: 0/41       AC:  9    Str: 22    XL:     4   Next: 82%
Magic:  3/3        EV:  7    Int:  5    God:
Gold:   155        SH:  4    Dex: 10    Spells: 3/3 levels left

rFire   . . .        a - +0 war axe
rCold   . . .        c - +0 buckler
rNeg    . . .        b - +0 chain mail
rPois   .            (helmet restricted)
rElec   .            (no cloak)
rCorr   .            (no gloves)
SInv    .            (no boots)
Will    .....        (no amulet) Stlth
                     (no ring)
HPRegen 0.26/turn    (no ring)
MPRegen 0.08/turn

%: no passive effects
@: slowed, very slow
A: horns 2, retaliatory headbutt
a: no special abilities


You were on level 4 of the Dungeon.
You visited 1 branch of the dungeon, and saw 4 of its levels.

You collected 155 gold pieces.

Inventory:

Hand Weapons
 a - a +0 war axe (weapon)
Armour
 b - a +0 chain mail (worn)
 c - a +0 buckler (worn)
Wands
 n - a wand of light (9)
Scrolls
 e - 3 scrolls of identify {unknown}
 f - 2 scrolls of fog {unknown}
 h - a scroll of summoning {unknown}
 i - a scroll of poison {unknown}
 k - a scroll of noise {unknown}
Potions
 d - a potion of might
 g - a potion of attraction {unknown}
 j - 3 potions of enlightenment {unknown}
 l - a potion of lignification {unknown}
 m - a potion of ambrosia {unknown}


   Skills:
 + Level 4.4 Fighting
 + Level 4.1 Axes
 + Level 4.6 Armour
 + Level 0.3 Dodging
 + Level 0.1 Stealth
 + Level 4.1 Shields


You had 3 spell levels left.
You didn't know any spells.
Your spell library contained the following spells:

 Spells                   Type           Power      Damage    Failure   Level
 Hailstorm                Conj/Ice       0%         3d5       100%        3
 Summon Ice Beast         Ice/Summ       0%         N/A       100%        3
 Permafrost Eruption      Ice/Erth       0%         2x4d1     100%        6
 Sculpt Simulacrum        Ice/Alch       0%         N/A       100%        6


Dungeon Overview and Level Annotations

Branches:
Dungeon (4/15)
 Temple: D:4-7

Altars:

Annotations:
D:4 Natasha


Innate Abilities, Weirdness & Mutations

You have a pair of horns on your head.
You reflexively headbutt those who attack you in melee.


Message History

You feel yourself slow down.
Natasha extends her claws.
You see here 11 gold pieces.
You block the quokka's attack.
The cerulean imp attacks as it pursues you!
The cerulean imp hits you from afar with a +0 spear.
You block the quokka's attack. The cerulean imp barely misses you.
There is a stone staircase leading up here.
You closely miss the quokka. You hit the endoplasm.
The quokka bites you but does no damage.
The cerulean imp hits you but does no damage.
Natasha wildly gestures.
Natasha shimmers violently.
The endoplasm hits you but does no damage.
The ogre hits you with a +0 giant club!!
The quokka bites you but does no damage.
The cerulean imp hits you from afar with a +0 spear.
You closely miss the quokka. You barely miss the endoplasm.
You hit the quokka but do no damage. You hit the ogre but do no damage.
You block the quokka's attack. The quokka bites you. The endoplasm freezes you.
You are frozen.
* * * LOW HITPOINT WARNING * * *
The ogre barely misses you.
The cerulean imp hits you but does no damage.
You block the quokka's attack.
The quokka bites you but does no damage.
The endoplasm freezes you.
You are frozen.
* * * LOW HITPOINT WARNING * * *
Natasha casts a spell at you. The magic dart hits you.
* * * LOW HITPOINT WARNING * * *
The cerulean imp hits you but does no damage.
You slash the ogre! Your headbutt misses the ogre.
The ogre is heavily wounded.
You hit the quokka. You hit the endoplasm.
You kill the endoplasm!
You hit the quokka. You closely miss Natasha. The quokka bites you.
You die...

#........ ..
#.......# .#
#.......# ..#
#.......# ..###.
#.......###......
##................
........5r........
........JO@r......
........#h...##...
........####..#
........# .....
.......J# .....
........# .....
........# ....
g.......# ....


You could see an ogre, Natasha, a cerulean imp (summoned), an endoplasm and 2
quokkas.

Vanquished Creatures
  3 gnolls (D:3)
  3 adders (D:2)
  2 dart slugs
  2 ribbon worms (D:3)
  An orc (D:3)
  7 endoplasms
  A giant cockroach (D:2)
  6 goblins
  2 hobgoblins
  8 jackals
  2 quokkas
  A ball python (D:1)
  4 bats
  11 kobolds
  6 rats
59 creatures vanquished.

Notes
Turn   | Place    | Note
-------+----------+-------------------------------------------
     0 | D:1      | Fodor the Minotaur Fighter began the quest for the Orb.
     0 | D:1      | Reached XP level 1. HP: 19/19 MP: 0/0
   183 | D:1      | Reached XP level 2. HP: 27/27 MP: 1/1
   769 | D:2      | Reached XP level 3. HP: 31/33 MP: 2/2
   977 | D:2      | Found a faded altar of an unknown god.
  1290 | D:2      | Reached XP level 4. HP: 36/41 MP: 3/3
  2001 | D:4      | Noticed Natasha
  2002 | D:4      | Noticed an ogre
  2009 | D:4      | HP: 1/41 [Natasha/magic dart (6)]
  2010 | D:4      | Slain by a quokka

Illustrated notes

Levels and vault maps discovered:
D:1:      kennysheep_arrival_seaside, layout_basic, st_stairs_14
D:2:      minmay_wonky_spiral, layout_loops_ring,
          chequers_ecumenical_altar_island, chequers_serial_rivers_micro_c
D:3:      layout_rooms
D:4:      layout_basic, old_standard_altar, lemuel_crystal_altar,
          uniq_eustachio, uniq_edmund, uniq_robin, uniq_natasha

Skill      XL: |  1  2  3  4 |
---------------+-------------+-----
Armour         | 4 |  4.6
Fighting       | 4 |  4.4
Axes           | 3 4 |  4.1
Shields        | 4 |  4.1
Dodging        | |  0.3
Stealth        | |  0.1

Action                     |  1- 3 |  4- 6 || total
---------------------------+-------+-------++-------
  Melee: War axe           |    80 |    51 ||   131
         Headbutt          |    11 |     9 ||    20
 Armour: Chain mail        |    63 |    55 ||   118
         Scale mail        |     2 |       ||     2
  Dodge: Dodged            |    36 |    28 ||    64
  Block: Buckler           |    16 |    15 ||    31

Table legend: (Time is in decaauts)
 A = Elapsed time spent in this place.
 B = Non-inter-level travel time spent in this place.
 C = Inter-level travel time spent in this place.
 D = Time resting spent in this place.
 E = Time spent auto-exploring this place.
 F = Levels seen in this place.
 G = Mean time per level.
                   A        B        C        D        E       F      G
               +--------+--------+--------+--------+--------+-----+--------+
         Total |   2071 |   2000 |     71 |      0 |   1450 |   4 |  517.8 |
       Dungeon |   2071 |   2000 |     71 |      0 |   1450 |   4 |  517.8 |
               +--------+--------+--------+--------+--------+-----+--------+

Top non-repeatable levels by time:
     D:2: 814 daAuts
     D:1: 733 daAuts
     D:3: 512 daAuts
     D:4: 11 daAuts
